 Dungeon Crawl Stone Soup version 0.24.0-1-gfbc8707122 (webtiles) character file.

Game seed: 6990820084224923034, levelgen mode: deterministic

109 Mrkan the Chucker (level 4, 0/48 HPs)
             Began as an Ogre Hunter on Oct 25, 2019.
             Was an Initiate of Yredelemnul.
             Slain by Terence
             ... wielding a +0 trident of venom
              (4 damage)
             ... on level 3 of the Dungeon.
             The game lasted 00:06:08 (3025 turns).

Mrkan the Chucker (Ogre Hunter)                     Turns: 3025, Time: 00:06:10

Health: 0/48       AC:  5    Str: 21    XL:     4   Next: 89%
Magic:  4/4        EV: 10    Int: 13    God:    Yredelemnul [......]
Gold:   75         SH:  0    Dex:  9    Spells: 3/3 levels left

rFire    . . .     SeeInvis .   a - +0 short sword
rCold    . . .     Gourm    .   (no shield)
rNeg     . . .     Faith    .   b - +0 robe
rPois    .         Spirit   .   (helmet restricted)
rElec    .         Reflect  .   (no cloak)
rCorr    .         Harm     .   (gloves unavailable)
MR       .....                  (boots unavailable)
Stlth    +.........             (no amulet)
HPRegen  0.16/turn              (no ring)
MPRegen  0.09/turn              (no ring)

@: mighty, lethally poisoned (0 -> -31), hasted, very quick
A: large, unfitting armour, thin metallic scales 1, blurry vision 1, tough skin
1
a: Renounce Religion


You were on level 3 of the Dungeon.
You worshipped Yredelemnul.
Yredelemnul was noncommittal.
You were not hungry.

You visited 1 branch of the dungeon, and saw 3 of its levels.

You collected 75 gold pieces.

Inventory:

Hand Weapons
 a - a +0 short sword (weapon)
 n - a cursed +0 whip
Missiles
 c - 5 large rocks (quivered)
 d - 2 throwing nets
 e - 25 stones
Armour
 b - a +0 robe (worn)
Jewellery
 u - an uncursed ring of positive energy {unknown}
Wands
 v - a wand of polymorph (8)
Scrolls
 g - 2 scrolls of fear {unknown}
 i - 2 scrolls of magic mapping
 k - 2 scrolls of amnesia {unknown}
 l - 2 scrolls of remove curse {unknown}
 p - 2 scrolls of blinking {unknown}
 q - 2 scrolls of identify {unknown}
 w - a scroll of enchant armour {unknown}
 x - a scroll of teleportation {unknown}
Potions
 j - a potion of haste
 m - a potion of might
 r - a potion of flight {unknown}
 s - a potion of agility {unknown}
 t - a potion of lignification {unknown}
Comestibles
 f - 3 rations
 h - 3 chunks of flesh


   Skills:
 + Level 4.2 Fighting
 * Level 5.5 Throwing
 - Level 1.7 Dodging
 - Level 0.6 Stealth


You had 3 spell levels left.
You didn't know any spells.
Your spell library was empty.

Dungeon Overview and Level Annotations

Branches:
Dungeon (3/15)

Altars:
Cheibriados
Yredelemnul
The Shining One

Annotations:
D:3 Terence


Innate Abilities, Weirdness & Mutations

You are too large for most types of armour.
You have tough skin. (AC +1)
You are partially covered in thin metallic scales. (AC +2)
Scrolls take you a little longer to read.


Message History

Terence screams, "I'm going to kill you!"
Terence completely misses you.
It was a potion of might.
You feel very mighty all of a sudden.
* * * LOW HITPOINT WARNING * * *
You feel sick. Terence hits you but does no damage.
It was a potion of haste.
You feel yourself speed up.
* * * LOW HITPOINT WARNING * * *
You feel sick.
Terence hits you with a +0 trident of venom.
* * * LOW HITPOINT WARNING * * *
You are more poisoned.
It was a potion of mutation.
You feel extremely strange.
Your vision blurs.
Thin metallic scales grow over part of your body.
* * * LOW HITPOINT WARNING * * *
You feel sick.
Terence hits you with a +0 trident of venom.
You die...
Your body rises from the dead as a mindless zombie.

######## .......#
######.# #.# #.#
#.###########
######...........#
.............###@#
############.###@# ##.#
####.........#.# #...#
....>....#.#.#.# #...#
.........#.#.### #...#
...^....##.#.#####.#...#
####.......#.#.....#...#
#########.#.#####...#
...<..............#


You could see Terence.

Vanquished Creatures
  A gnoll (D:1)
  3 adders
  An ooze (D:2)
  2 dart slugs
  A leopard gecko (D:2)
  5 bats
  4 giant cockroaches
  10 goblins
  9 hobgoblins
  3 jackals (D:1)
  4 kobolds
  A quokka (D:3)
  8 frilled lizards
  9 rats
61 creatures vanquished.

Vanquished Creatures (others)
  A dart slug (D:2)
1 creature vanquished.

Grand Total: 62 creatures vanquished

Notes
Turn   | Place    | Note
-------+----------+-------------------------------------------
     0 | D:1      | Mrkan the Ogre Hunter began the quest for the Orb.
     0 | D:1      | Reached XP level 1. HP: 22/22 MP: 1/1
    62 | D:1      | Reached XP level 2. HP: 12/31 MP: 2/2
   302 | D:1      | Found a snail-covered altar of Cheibriados.
   337 | D:1      | Reached XP level 3. HP: 15/37 MP: 3/3
  1471 | D:2      | Reached skill level 5 in Throwing
  1558 | D:2      | Reached XP level 4. HP: 36/48 MP: 4/4
  2554 | D:2      | Found a glowing golden altar of the Shining One.
  2559 | D:2      | Found a basalt altar of Yredelemnul.
  2565 | D:2      | Noticed a profane servitor
  2570 | D:2      | Became a worshipper of Yredelemnul the Dark
  2785 | D:2      | Noticed an angel
  3013 | D:3      | Noticed Terence
  3025 | D:3      | Gained mutation: Scrolls take you a little longer to read.
                  | [potion of mutation]
  3025 | D:3      | Gained mutation: You are partially covered in thin metallic
                  | scales. (AC +2) [potion of mutation]
  3025 | D:3      | Slain by Terence

Levels and vault maps discovered:
D:1:      saegor_arrival_simple_c, layout_loops_cross, cheibriados_altar_1
D:2:      layout_basic, grunt_temple_overflow_holy_war
D:3:      layout_basic, demons_altar, lemuel_doored_altar, chequers_arboretum,
          uniq_terence

Skill      XL: |  1  2  3  4 |
---------------+-------------+-----
Fighting       | 3 4 |  4.2
Throwing       | 5 |  5.5
Dodging        | |  1.7
Stealth        | |  0.6

Action                   |  1- 3 |  4- 6 || total
-------------------------+-------+-------++-------
Melee: Short sword       |   166 |   125 ||   291
  Use: Potion            |       |     3 ||     3
       Scroll            |       |     1 ||     1
 Stab: Sleeping          |     2 |       ||     2
  Eat: Chunk             |     2 |     5 ||     7
Armor: Robe              |    43 |    46 ||    89
Dodge: Dodged            |    81 |   114 ||   195
